 Dungeon Crawl Stone Soup version 0.30.0-29-ga12c61a403 (webtiles) character file.

Game seed: 3933874005500622284

107 ChadusMaximus the Caller (level 4, 0/45 HPs)
             Began as a Barachi Summoner on June 24, 2023.
             Succumbed to an adder's poison
             ... on level 2 of the Dungeon.
             The game lasted 00:01:22 (1362 turns).

ChadusMaximus the Caller (Barachi Summoner)         Turns: 1362, Time: 00:01:23

Health: 0/45       AC: 22    Str:  9 (10) XL:     4   Next: 85%
Magic:  8/8        EV:  2    Int: 16 (17) God:
Gold:   74         SH:  0    Dex: 10 (12) Spells: 3/9 levels left

rFire   . . .        e - +4 sling
rCold   . . .        (no shield)
rNeg    . . .        a - melded +0 robe
rPois   +            (helmet currently unavailable)
rElec   .            (cloak currently unavailable)
rCorr   .            (gloves currently unavailable)
SInv    .            (boots currently unavailable)
Will    .....        (no amulet)
Stlth   ++           (no ring)
HPRegen 0.27/turn    (no ring)
MPRegen 0.11/turn

%: no passive effects
@: lethally poisoned (0 -> -6), tree-form
A: stationary, stasis, torment immunity, boosted hp, (amphibious), (slowness 1),
(strong legs 1), +LOS
a: no special abilities


You were on level 2 of the Dungeon.
You were a tree.
You visited 1 branch of the dungeon, and saw 2 of its levels.

You collected 74 gold pieces.

Inventory:

Hand Weapons
 e - a +4 sling (weapon)
Armour
 a - a +0 robe (melded)
Wands
 m - a wand of flame (20)
Scrolls
 d - 5 scrolls of identify {unknown}
 f - a scroll of amnesia {unknown}
 h - a scroll of vulnerability {unknown}
 i - a scroll of teleportation {unknown}
 j - a scroll of enchant armour {unknown}
 k - a scroll of fear {unknown}
Potions
 b - a potion of magic
 c - a potion of brilliance {unknown}
 l - a potion of degeneration


   Skills:
 - Level 2.2 Dodging
 - Level 1.8 Stealth
 + Level 3.3 Spellcasting
 * Level 6.5 Summonings


You had 3 spell levels left.
You knew the following spells:

 Your Spells              Type           Power      Damage    Failure   Level
a - Summon Small Mammal   Summ           92%        N/A       1%          1
b - Call Canine Familiar  Summ           23%        N/A       3%          3
c - Call Imp              Summ           46%        N/A       1%          2

Your spell library contained the following spells:

 Spells                   Type           Power      Damage    Failure   Level
 Summon Guardian Golem    Hex/Summ       13%        N/A       14%         3
 Summon Lightning Spire   Summ/Air       13%        N/A       43%         4


Dungeon Overview and Level Annotations

Branches:
Dungeon (2/15)

Altars:


Innate Abilities, Weirdness & Mutations

You are a tree.
Your roots penetrate the ground, keeping you stationary.
You cannot be teleported.
You are immune to unholy pain and torment.
Your maximum health is greatly increased.
Your equipment is partially melded.
((You are amphibious.))
((You cover ground slowly.))
((You can hop short distances.))
You have an extended range of vision and can be seen from far away.


Message History

You shoot a sling bullet.
The sling bullet closely misses the adder.
You feel sick. The adder bites you. x2
You are more poisoned.
The adder poisons you!
An adder is nearby!
You shoot a sling bullet.
The sling bullet barely misses the adder.
You feel very sick. The adder bites you. The adder barely misses you.
An adder is nearby!
You are too injured to fight recklessly!
An adder is nearby!
You are too injured to fight recklessly!
An adder is nearby!
You are too injured to fight recklessly!
You are too injured to fight recklessly!
Unknown command.
Unknown command.
You shoot a sling bullet. The sling bullet hits the adder.
The adder is almost dead.
You feel sick. The adder bites you.
* * * LOW HITPOINT WARNING * * *
You are lethally poisoned!
The adder poisons you! The adder bites you.
* * * LOW HITPOINT WARNING * * *
Okay, then.
You shoot a sling bullet. The sling bullet hits the adder.
You kill the adder!
* * * LOW HITPOINT WARNING * * *
You feel very sick.
Unknown command.
It was a potion of degeneration.
There was something very wrong with that liquid.
You feel weakened.
You feel dopey.
You feel clumsy.
* * * LOW HITPOINT WARNING * * *
You feel sick.
It was a potion of lignification.
You turn into a tree.
Your +0 robe melds into your body.
Your roots penetrate the ground.
You die...

... #....).......#
#.
..######...)####...#
#. ............#
#...# #.
............# #####
#. ....†>......#
.... ########....#
...).
##########....#
.....
#.............#
.....
#.......♣..#.......
....
#..........#.......
###.
...........#.......
...........#.......
........=..# ######
...........#
...........#
...........#
...........#


There were no monsters in sight!

Vanquished Creatures
  Terence (D:2)
  3 gnolls (D:2)
  An adder (D:2)
  A worm (D:2)
  2 bats
  6 endoplasms
  A goblin (D:2)
  A hobgoblin (D:1)
  2 jackals (D:2)
  4 quokkas
  2 ball pythons
  A frilled lizard (D:2)
  4 kobolds
  5 rats
34 creatures vanquished.

Vanquished Creatures (collateral kills)
  An adder (D:2)
  A bat (D:1)
  A frilled lizard (D:1)
3 creatures vanquished.

Grand Total: 37 creatures vanquished

Notes
Turn   | Place    | Note
-------+----------+-------------------------------------------
     0 | D:1      | ChadusMaximus the Barachi Summoner began the quest for the
                  | Orb.
     0 | D:1      | Reached XP level 1. HP: 13/13 MP: 3/3
   103 | D:1      | Reached skill level 5 in Summonings
   162 | D:1      | Reached XP level 2. HP: 19/19 MP: 5/5
   905 | D:2      | Reached XP level 3. HP: 14/24 MP: 7/7
   976 | D:1      | Learned a level 3 spell: Call Canine Familiar
   979 | D:1      | Learned a level 2 spell: Call Imp
  1214 | D:2      | Reached skill level 6 in Summonings
  1214 | D:2      | Reached XP level 4. HP: 26/30 MP: 8/8
  1305 | D:2      | Noticed Terence
  1312 | D:2      | Killed Terence
  1361 | D:2      | HP: 1/30 [poisoned by an adder]
  1362 | D:2      | Succumbed to an adder's poison

Illustrated notes

Levels and vault maps discovered:
D:1:      roderic_crossed_star, layout_basic, serial_curves, eino_curves_03,
          eino_curves_02, minivault_11, chequers_serial_rivers_micro_b
D:2:      layout_basic, cheibrodos_gnoll_hut, uniq_terence

Skill      XL: |  1  2  3 |
---------------+----------+-----
Summonings     | 5 6 |  6.5
Spellcasting   | 3 |  3.3
Dodging        | |  2.2
Stealth        | |  1.8

Action                     |  1- 3 |  4- 6 || total
---------------------------+-------+-------++-------
  Melee: Unarmed           |     8 |       ||     8
   Fire: Sling             |    87 |    29 ||   116
   Cast: Summon Small Mamm |     4 |       ||     4
         Call Imp          |     1 |       ||     1
Ability: Hop               |     1 |       ||     1
    Use: Potion            |       |     2 ||     2
 Armour: Robe              |     7 |       ||     7
  Dodge: Dodged            |    33 |     8 ||    41
